AoeStats
← Irving Legend

QS Arena

503386890Analyzed
2v2 RM · 1mo ago on Aug 31, 2026· 60m 16s· 4 players
Game mode
Random Map
Map size
Medium (4 player)
Population
200
Speed
Normal
Resources
Standard
Victory
Conquest
Starting age
Dark Age
Ending age
Imperial Age
RankedLock teamsTeams togetherTeam positionsShared explorationLock speedFull tech treeHidden civsTurbo modeCheats
Victory
Defeat
🇮🇳 Bengalis · India
1158
+14
🇮🇳 Dravidians · India
1042
+20
🇨🇴 Chinese · Colombia
1139
-18
🇨🇦 Burgundians · Canada
1111
-17
Thousk_
9:52 Feudal Age
13:28 Castle Age
13:40 Double-Bit Axe
13:37 Horse Collar
14:38 Bow Saw
21:22 Fletching
23:30 Ballistics
26:41 Imperial Age
25:41 Gold Mining
26:28 Wheelbarrow
25:40 Loom
26:23 Stone Mining
27:41 Bodkin Arrow
29:02 Bracer
30:38 Elite Skirmisher
34:12 Chemistry
34:49 Padded Archer Armor
36:40 Sanctity
36:38 Block Printing
36:51 Illumination
37:53 Thumb Ring
38:46 Scale Barding Armor
38:52 Forging
38:58 Leather Archer Armor
39:40 Bloodlines
38:53 Cavalier
39:07 Light Cavalry
41:12 Chain Barding Armor
44:11 Heavy Scorpion
47:11 Rocketry
53:42 Plate Barding Armor
53:43 Iron Casting
Irving Legend
3:09 Double-Bit Axe
4:29 Horse Collar
8:25 Feudal Age
13:03 Castle Age
11:35 Bow Saw
11:58 Heavy Plow
13:44 Stone Mining
15:22 Wheelbarrow
22:15 Town Watch
22:54 Hand Cart
22:25 Loom
26:12 Imperial Age
23:58 Gold Mining
24:44 Devotion
25:47 Scale Barding Armor
25:52 Forging
25:27 Elite Skirmisher
26:11 Padded Archer Armor
26:04 Fletching
26:56 Burgundian Vineyards
28:07 Two-Man Saw
27:39 Crop Rotation
28:18 Chemistry
27:28 Husbandry
27:57 Conscription
28:51 Chain Barding Armor
29:07 Iron Casting
28:28 Bodkin Arrow
29:46 Gold Shaft Mining
29:41 Masonry
29:15 Treadmill Crane
30:07 Leather Archer Armor
30:28 Plate Barding Armor
31:01 Stone Shaft Mining
31:53 Bracer
32:57 Blast Furnace
33:20 Bracer
33:26 Elite Coustillier
36:27 Ballistics
36:18 Masonry
36:21 Squires
36:02 Pikeman
36:49 Scale Mail Armor
36:40 Halberdier
38:04 Chain Mail Armor
39:51 Plate Mail Armor
39:11 Light Cavalry
39:46 Cavalier
39:47 Hussar
45:12 Paladin
56:37 Flemish Revolution
Kimster213
0:31 Loom
9:23 Feudal Age
10:29 Double-Bit Axe
10:24 Horse Collar
13:19 Castle Age
13:37 Town Watch
14:00 Heavy Plow
14:11 Bow Saw
19:00 Town Watch
24:18 Fletching
25:03 Fortified Wall
25:52 Stone Mining
27:25 Bodkin Arrow
26:59 Elite Skirmisher
28:25 Padded Archer Armor
29:22 Leather Archer Armor
32:47 Imperial Age
32:09 Thumb Ring
32:43 Husbandry
33:54 Bracer
35:03 Chemistry
35:28 Wheelbarrow
34:56 Town Patrol
34:49 Gold Mining
36:54 Two-Man Saw
36:34 Ring Archer Armor
37:21 Ballistics
37:37 Elite Elephant Archer
39:14 Conscription
39:13 Medical Corps
42:08 Forging
41:59 Scale Mail Armor
42:41 Hoardings
44:21 Wootz Steel
43:22 Elite Urumi Swordsman
45:56 Chain Mail Armor
46:17 Iron Casting
46:31 Hand Cart
49:02 Onager
50:28 Pikeman
51:08 Squires
50:54 Arson
52:13 Halberdier
54:16 Caravan
55:15 Man-at-Arms
55:40 Gambesons
56:55 Plate Mail Armor
57:26 Blast Furnace
57:24 Long Swordsman
58:53 Coinage
58:02 Two-Handed Swordsman
Camarogo7150
9:31 Feudal Age
14:16 Castle Age
12:03 Double-Bit Axe
12:20 Horse Collar
13:48 Padded Archer Armor
13:39 Fletching
15:14 Leather Archer Armor
14:55 Bodkin Arrow
27:11 Bow Saw
27:02 Heavy Plow
29:31 Ballistics
29:07 Murder Holes
31:17 Caravan
34:42 Imperial Age
32:48 Wheelbarrow
31:59 Town Watch
32:00 Loom
32:17 Gold Mining
32:17 Stone Mining
32:42 Forging
32:38 Scale Barding Armor
33:22 Treadmill Crane
33:56 Bloodlines
33:46 Husbandry
34:31 Iron Casting
36:33 Chain Barding Armor
37:14 Blast Furnace
36:45 Elite Battle Elephant
38:26 Plate Barding Armor
40:01 Conscription
50:24 Elite Elephant Archer
53:05 Hand Cart
54:29 Light Cavalry
57:39 Paiks
59:14 Squires
58:49 Pikeman
59:24 Elite Skirmisher
Connection lost

Rejoining the realm…

Still unreachable

The connection could not be restored.

Session expired

The server has moved on; the page needs a fresh start.